 Dungeon Crawl Stone Soup version 0.31-a0-771-g505c3d1 (webtiles) character file.

Game seed: 1318161151593979873

532 BarneyGumball the Fighter (level 7, 0/63 HPs)
             Began as a Gnoll Wanderer on Sept 16, 2023.
             Was an Elder of Zin.
             Slain by Duvessa
             ... wielding a +0 short sword
              (5 damage)
             ... on level 4 of the Dungeon.
             The game lasted 00:10:29 (2632 turns).

BarneyGumball the Fighter (Gnoll Wanderer)          Turns: 2632, Time: 00:10:29

Health: 0/63       AC:  6    Str: 15    XL:     7   Next: 24%
Magic:  12/12      EV: 11    Int: 11    God:    Zin [****..]
Gold:   265        SH:  0    Dex: 13    Spells: 12/13 levels left

rFire   + . .        a - +0 spear
rCold   . . .        (no shield)
rNeg    . . .        m - +0 scale mail
rPois   ∞            (no helmet)
rElec   .            (no cloak)
rCorr   .            (no gloves)
SInv    .            (no boots)
Will    .....        k - amulet of regeneration
Stlth   +            p - ring of wizardry
HPRegen 1.10/turn    q - ring of protection from fire
MPRegen 0.13/turn

%: wizardry (x1)
@: vitalised
A: fangs 1, strong nose, distributed training
a: Renounce Religion, Recite, Vitalisation, Imprison, Donate Gold


You were on level 4 of the Dungeon.
You worshipped Zin.
Zin was greatly pleased with you.
You visited 1 branch of the dungeon, and saw 4 of its levels.

You collected 294 gold pieces.
You donated 29 gold pieces to Zin.

Inventory:

Hand Weapons
 a - a +0 spear (weapon)
 b - a +0 sling
Missiles
 n - 2 throwing nets (quivered)
Armour
 m - a +0 scale mail (worn)
Jewellery
 k - an amulet of regeneration (around neck)
 p - a ring of wizardry (left hand)
 q - a ring of protection from fire (right hand)
Scrolls
 d - a scroll of teleportation
 g - a scroll of amnesia {unknown}
 i - 2 scrolls of identify {unknown}
 j - a scroll of vulnerability {unknown}
 r - a scroll of enchant armour {unknown}
Potions
 c - 3 potions of curing
 e - a potion of lignification {unknown}
 f - a potion of haste {unknown}
 h - 3 potions of degeneration
 l - a potion of resistance {unknown}
 o - a potion of heal wounds


   Skills:
 + Level 8.9 Fighting
 + Level 2.4 Short Blades
 + Level 2.4 Long Blades
 + Level 2.4 Axes
 + Level 2.4 Maces & Flails
 + Level 2.4 Polearms
 + Level 2.4 Staves
 + Level 2.4 Ranged Weapons
 + Level 2.4 Throwing
 + Level 2.4 Armour
 + Level 7.0 Dodging
 + Level 2.4 Stealth
 + Level 2.4 Shields
 + Level 2.4 Unarmed Combat
 + Level 3.7 Spellcasting
 + Level 2.0 Conjurations
 + Level 4.3 Hexes
 + Level 2.0 Summonings
 + Level 2.0 Necromancy
 + Level 2.0 Translocations
 + Level 2.0 Transmutations
 + Level 2.0 Fire Magic
 + Level 2.0 Ice Magic
 + Level 2.0 Air Magic
 + Level 2.0 Earth Magic
 + Level 2.0 Poison Magic
 + Level 2.6 Invocations
 + Level 2.4 Evocations
 + Level 2.2 Shapeshifting


You had 12 spell levels left.
You knew the following spells:

 Your Spells              Type           Power      Damage    Failure   Level
a - Slow                  Hex            44%        N/A       6%          1

Your spell library contained the following spells:

 Spells                   Type           Power      Damage    Failure   Level
 Jinxbite                 Hex            22%        N/A       10%         2
 Ensorcelled Hibernation  Hex/Ice        18%        N/A       16%         2
 Confusing Touch          Hex            11%        N/A       19%         3
 Sigil of Binding         Hex            11%        N/A       19%         3
 Static Discharge         Conj/Air       12%        2-3/arc   24%         2
 Dazzling Flash           Conj/Hex       18%        N/A       28%         3
 Vampiric Draining        Necr           6%         2d6       43%         3
 Volatile Blastmotes      Fire/Tloc      12%        2d11      43%         3
 Anguish                  Hex/Necr       4%         N/A       65%         4
 Airstrike                Air            3%         2d(1-17)  82%         4
 Summon Lightning Spire   Summ/Air       6%         N/A       82%         4
 Starburst                Conj/Fire      3%         6d3       100%        6
 Maxwell's Capacitive Co  Air            3%         ∞         100%        8


Dungeon Overview and Level Annotations

Branches:
Dungeon (4/15)
 Temple: D:4-7

Altars:
Cheibriados
Makhleb
Zin

Annotations:
D:4 Dowan, Duvessa


Innate Abilities, Weirdness & Mutations

You have very sharp teeth.
Your uncanny sense of smell can sniff out nearby items.
Your experience applies equally to all skills.


Message History

The floor, spattered with blood.
You hit Duvessa but do no damage.
Duvessa is lightly wounded.
You are ready to recite again.
Duvessa barely misses you.
You barely miss Duvessa.
Duvessa is lightly wounded.
Duvessa hits you with a +0 short sword. Duvessa hits you but does no damage.
You completely miss Duvessa. You bite Duvessa.
Duvessa is lightly wounded.
Duvessa hits you with a +0 short sword.
You hit Duvessa but do no damage.
Duvessa is lightly wounded.
Duvessa barely misses you. Duvessa hits you with a +0 short sword.
* * * LOW HITPOINT WARNING * * *
You barely miss Duvessa.
Duvessa is lightly wounded.
Duvessa barely misses you.
You barely miss Duvessa.
Duvessa is lightly wounded.
Duvessa hits you with a +0 short sword.
* * * LOW HITPOINT WARNING * * *
Duvessa misses you.
You barely miss Duvessa.
Duvessa is lightly wounded.
Duvessa hits you with a +0 short sword.
* * * LOW HITPOINT WARNING * * *
You hit Duvessa.
Duvessa is lightly wounded.
Duvessa hits you but does no damage. Duvessa hits you with a +0 short sword.
* * * LOW HITPOINT WARNING * * *
You closely miss Duvessa.
Duvessa is lightly wounded.
Duvessa closely misses you.
You hit Duvessa but do no damage.
Duvessa is lightly wounded.
Duvessa hits you with a +0 short sword!
* * * LOW HITPOINT WARNING * * *
Duvessa hits you with a +0 short sword.
You die...

.... #....
#...##....##.
##..........#..
..............
..#......##....
..#............##
.....#<.........#
#.........#.....##
#...##..#.#....#@#
....#####.#....e##
.............##.##
...#......)..#...#
.....###.#.......#
.###...#.....##.##
...#.^..#########
........#
#.......#


You could see Duvessa (fast).

Vanquished Creatures
  Sigmund (D:3)
  A black bear (D:4)
  A scorpion (D:4)
  An orc priest (D:4)
  Jessica (D:3)
  An iguana (D:3)
  An orc wizard (D:4)
  2 adders
  3 gnolls (D:4)
  2 worms
  2 dart slugs (D:1)
  3 orcs (D:4)
  12 endoplasms
  3 giant cockroaches
  6 goblins
  6 hobgoblins
  A quokka (D:1)
  3 ball pythons
  A bat (D:2)
  A frilled lizard (D:2)
  8 kobolds
  4 rats
64 creatures vanquished.

Notes
Turn   | Place    | Note
-------+----------+-------------------------------------------
     0 | D:1      | BarneyGumball the Gnoll Wanderer began the quest for the
                  | Orb.
     0 | D:1      | BarneyGumball set off with the following items: a +0
                  | dagger, 4 throwing nets, a potion of curing, a scroll of
                  | teleportation, a +0 leather armour; and the following spell
                  | memorised: Slow; and the following spells available to
                  | memorise: Dazzling Flash.
     0 | D:1      | Reached XP level 1. HP: 26/26 MP: 4/4
   115 | D:1      | Reached XP level 2. HP: 21/33 MP: 5/5
   176 | D:1      | Found a faded altar of an unknown god.
   181 | D:1      | Prayed at the altar of an unknown god.
   181 | D:1      | Became a worshipper of Zin the Law-Giver
   181 | D:1      | Reached * piety under Zin
   278 | D:1      | Reached ** piety under Zin
   643 | D:1      | Reached XP level 3. HP: 38/38 MP: 7/7
   809 | D:2      | Reached *** piety under Zin
   940 | D:2      | Reached skill level 1 in Invocations
  1272 | D:3      | Reached skill level 1 in Short Blades
  1272 | D:3      | Reached skill level 1 in Long Blades
  1272 | D:3      | Reached skill level 1 in Axes
  1272 | D:3      | Reached skill level 1 in Maces & Flails
  1272 | D:3      | Reached skill level 1 in Polearms
  1272 | D:3      | Reached skill level 1 in Staves
  1272 | D:3      | Reached skill level 1 in Ranged Weapons
  1272 | D:3      | Reached skill level 1 in Throwing
  1272 | D:3      | Reached skill level 1 in Armour
  1272 | D:3      | Reached skill level 1 in Stealth
  1272 | D:3      | Reached skill level 1 in Shields
  1272 | D:3      | Reached skill level 1 in Unarmed Combat
  1272 | D:3      | Reached skill level 1 in Evocations
  1276 | D:3      | Noticed Jessica
  1287 | D:3      | Killed Jessica
  1288 | D:3      | Reached skill level 1 in Shapeshifting
  1288 | D:3      | Reached XP level 4. HP: 41/45 MP: 8/8
  1335 | D:3      | Found a burning altar of Makhleb.
  1435 | D:3      | Reached **** piety under Zin
  1686 | D:3      | Reached skill level 1 in Conjurations
  1686 | D:3      | Reached skill level 1 in Summonings
  1686 | D:3      | Reached skill level 1 in Necromancy
  1686 | D:3      | Reached skill level 1 in Translocations
  1686 | D:3      | Reached skill level 1 in Transmutations
  1686 | D:3      | Reached skill level 1 in Fire Magic
  1686 | D:3      | Reached skill level 1 in Ice Magic
  1686 | D:3      | Reached skill level 1 in Air Magic
  1686 | D:3      | Reached skill level 1 in Earth Magic
  1686 | D:3      | Reached skill level 1 in Poison Magic
  1750 | D:3      | Noticed Sigmund
  1769 | D:3      | Killed Sigmund
  1770 | D:3      | Reached XP level 5. HP: 42/51 MP: 8/10
  1770 | D:3      | Reached XP level 6. HP: 47/57 MP: 8/11
  2149 | D:4      | Noticed a black bear
  2150 | D:4      | Noticed Dowan
  2325 | D:4      | Found a snail-covered altar of Cheibriados.
  2344 | D:4      | Killed a black bear
  2345 | D:4      | Reached XP level 7. HP: 40/63 MP: 10/12
  2592 | D:4      | Noticed Duvessa
  2632 | D:4      | Slain by Duvessa

Illustrated notes

Levels and vault maps discovered:
D:1:      tarquinn_simple_flora_water_f, layout_loops_ring,
          ebering_ecumenical_altar_webs, minmay_pentomino_t4
D:2:      layout_rooms, nicolae_houndstooth_variations
D:3:      layout_basic, general_overflow_altar, uniq_jessica, uniq_sigmund
D:4:      layout_cave_pools, lemuel_crystal_altar, minmay_temple_entry_hall,
          uniq_pikel, uniq_duvessa

Skill      XL: |  1  2  3  4  5  6  7 |
---------------+----------------------+-----
Invocations    | 1 2 |  2.6
Short Blades   | 1 2 |  2.4
Long Blades    | 1 2 |  2.4
Axes           | 1 2 |  2.4
Maces & Flails | 1 2 |  2.4
Polearms       | 1 2 |  2.4
Staves         | 1 2 |  2.4
Ranged Weapons | 1 2 |  2.4
Throwing       | 1 2 |  2.4
Armour         | 1 2 |  2.4
Stealth        | 1 2 |  2.4
Shields        | 1 2 |  2.4
Unarmed Combat | 1 2 |  2.4
Evocations     | 1 2 |  2.4
Spellcasting   | 3 |  3.7
Shapeshifting  | 1 2 |  2.2
Conjurations   | 1 2 |  2.0
Summonings     | 1 2 |  2.0
Necromancy     | 1 2 |  2.0
Translocations | 1 2 |  2.0
Transmutations | 1 2 |  2.0
Fire Magic     | 1 2 |  2.0
Ice Magic      | 1 2 |  2.0
Air Magic      | 1 2 |  2.0
Earth Magic    | 1 2 |  2.0
Poison Magic   | 1 2 |  2.0
Hexes          | 4 |  4.3
Dodging        | 7 |  7.0
Fighting       | |  8.9

Action                     |  1- 3 |  4- 6 |  7- 9 || total
---------------------------+-------+-------+-------++-------
  Melee: Spear             |   135 |   116 |   105 ||   356
         Bite              |    17 |    14 |    18 ||    49
         Punch             |       |     3 |     3 ||     6
   Fire: Sling             |       |    17 |     4 ||    21
  Throw: Throwing net      |     2 |     3 |       ||     5
 Invoke: Recite            |     1 |       |     1 ||     2
         Vitalisation      |       |     1 |     1 ||     2
    Use: Potion            |       |       |     3 ||     3
   Stab: Sleeping          |     3 |       |       ||     3
         Held in net/web   |       |     3 |       ||     3
 Armour: Leather armour    |    45 |       |       ||    45
         Scale mail        |    18 |    66 |    81 ||   165
  Dodge: Dodged            |    69 |    71 |    67 ||   207

Table legend: (Time is in decaauts)
 A = Elapsed time spent in this place.
 B = Non-inter-level travel time spent in this place.
 C = Inter-level travel time spent in this place.
 D = Time resting spent in this place.
 E = Time spent auto-exploring this place.
 F = Levels seen in this place.
 G = Mean time per level.
                   A        B        C        D        E       F      G
               +--------+--------+--------+--------+--------+-----+--------+
         Total |   2648 |   2469 |    179 |      0 |   1790 |   4 |  662.0 |
       Dungeon |   2648 |   2469 |    179 |      0 |   1790 |   4 |  662.0 |
               +--------+--------+--------+--------+--------+-----+--------+

Top non-repeatable levels by time:
     D:3: 966 daAuts
     D:1: 676 daAuts
     D:2: 598 daAuts
     D:4: 406 daAuts
